 Dungeon Crawl Stone Soup version 0.20.1-1-g8b1a95d (webtiles) character file.

175 tmwrnj the Cudgeler (level 5, -1/46 HPs)
             Began as a Hill Orc Fighter on Sept 28, 2017.
             Was an Initiate of Beogh.
             Slain by a black bear (6 damage)
             ... on level 3 of the Dungeon.
             The game lasted 00:05:51 (2179 turns).

tmwrnj the Cudgeler (Hill Orc Fighter)              Turns: 2179, Time: 00:05:51

Health: -1/46      AC:  7    Str: 20    XL:     5   Next: 55%
Magic:  5/5        EV:  7    Int:  8    God:    Beogh [......]
Gold:   272        SH:  9    Dex: 10    Spells: 4/4 levels left

rFire    . . .     SeeInvis .   a - +0 flail
rCold    . . .     Gourm    .   c - +0 shield
rNeg     . . .     Faith    .   b - +0 scale mail
rPois    .         Spirit   .   (no helmet)
rElec    .         Reflect  .   (no cloak)
rCorr    .         Harm     .   (no gloves)
MR       .....                  (no boots)
Stlth    ..........             (no amulet)
Regen    0.2/turn               (no ring)
MPRegen  0.1/turn               (no ring)

@: no status effects
A: no striking features
a: Renounce Religion


You were on level 3 of the Dungeon.
You worshipped Beogh.
Beogh was noncommittal.
You were hungry.

You visited 1 branch of the dungeon, and saw 5 of its levels.

You collected 272 gold pieces.

Inventory:

Hand Weapons
 a - a +0 flail (weapon)
Armour
 b - a +0 scale mail (worn)
 c - a +0 shield (worn)
Jewellery
 h - a cursed ring of loudness {unknown}
Scrolls
 e - 7 scrolls of identify {unknown}
 g - a scroll of recharging {unknown}
 j - 2 scrolls of blinking {unknown}
 k - a scroll of enchant weapon {unknown}
 p - 2 scrolls of magic mapping {unknown}
 r - a scroll of fog {unknown}
Potions
 d - a potion of might
 l - 2 potions of agility {unknown}
 m - a potion of magic {unknown}
 n - 2 potions of flight {unknown}
 o - a potion of lignification {unknown}
 q - a potion of heal wounds {unknown}
Comestibles
 f - 4 bread rations
 i - a royal jelly


   Skills:
 + Level 4.2 Fighting
 + Level 4.3 Maces & Flails
 + Level 4.1 Armour
 + Level 0.2 Dodging
 + Level 4.2 Shields


You had 4 spell levels left.
You didn't know any spells.

Dungeon Overview and Level Annotations

Branches:
Dungeon (5/15)
 Temple: D:4-7

Altars:
Zin


Message History

The black bear claws you. You block the black bear's attack.
The black bear claws you.
* * * LOW HITPOINT WARNING * * *
The black bear claws you.
* * * LOW HITPOINT WARNING * * *
You block the black bear's attack. The black bear barely misses you.
You block the black bear's attack.
The black bear bites you but does no damage.
The black bear claws you but does no damage.
The black bear claws you.
* * * LOW HITPOINT WARNING * * *
The black bear bites the orc wizard.
The black bear claws the orc wizard but does no damage.
The black bear closely misses the orc wizard.
The orc wizard hits the black bear with a dagger of flaming.
The orc wizard burns the black bear.
The black bear bites the orc wizard!
The black bear claws the orc wizard.
The orc wizard dies!
The black bear bites you.
You die...

#...........#(####.#####
#....#..#..........#...##########
#.##.#..#...#######............##
#.##........# ###.......#...#.##
.....#..##..# #...).#.....#.....
#.####..##..# #.#...[..o#...#.##
#...........# #.##.....>#####.#
.########...# #h###...#.......#
.# #...# #@# ##.##.######## .#
#...####.####.##.##...... .#
######..>#.......#....##......
.###.............##.###..##......
.................##.# #..........
..##.............##.# #.###......
#.#######...#.#####.###.###......
#.# #.h.#.......#............ #.#
#...#########.#.##.######


You could see a black bear (berserk) and a jackal (wandering).

Vanquished Creatures
  A scorpion (D:4)
  A hound (D:4)
  An orc wizard (D:3)
  3 adders
  An ooze (D:3)
  A worm (D:2)
  A dart slug (D:2)
  3 leopard geckos
  2 giant cockroaches
  3 goblins
  7 hobgoblins
  8 kobolds
  7 bats
  2 frilled lizards
  9 rats
50 creatures vanquished.

Vanquished Creatures (others)
  An orc wizard (D:3)
  An orc (D:3)
2 creatures vanquished.

Grand Total: 52 creatures vanquished

Notes
Turn   | Place    | Note
-------+----------+-------------------------------------------
     0 | D:1      | tmwrnj the Hill Orc Fighter began the quest for the Orb.
     0 | D:1      | Reached XP level 1. HP: 19/19 MP: 1/1
   124 | D:1      | Reached XP level 2. HP: 26/27 MP: 2/2
   491 | D:2      | Found a glowing silver altar of Zin.
   491 | D:2      | Noticed an angel
   507 | D:2      | Reached XP level 3. HP: 23/33 MP: 3/3
  1208 | D:3      | Reached XP level 4. HP: 38/40 MP: 4/4
  1279 | D:3      | Became a worshipper of Beogh the Brigand
  1893 | D:4      | Reached XP level 5. HP: 41/46 MP: 5/5
  2072 | D:4      | Noticed a black bear
  2089 | D:5      | Entered Level 5 of the Dungeon
  2089 | D:5      | Noticed a centaur
  2179 | D:3      | Slain by a black bear

Skill      XL: |  1  2  3  4 |
---------------+-------------+-----
Maces & Flails | 3 4 |  4.3
Fighting       | 4 |  4.2
Shields        | 4 |  4.2
Armour         | 4 |  4.1
Dodging        | |  0.2

Action                   |  1- 3 |  4- 6 || total
-------------------------+-------+-------++-------
Melee: Flail             |   139 |    77 ||   216
Invok: Convert to Beogh  |       |     1 ||     1
  Eat: Chunk             |     1 |     3 ||     4
Armor: Scale mail        |    70 |    53 ||   123
Dodge: Dodged            |    43 |    42 ||    85
Block: Shield            |    83 |    47 ||   130
